 Adventure DCSS version bcrawl-1.19.2-6-g6a88ae04c9 (webtiles) character file.

Game seed: 11704078036686690367

100 pasperui the Magician (level 4, 0/42 HPs)
             Began as a Naga Transmuter on Dec 22, 2019.
             Slain by a howler monkey (4 damage)
             ... on level 4 of the Dungeon on Dec 25, 2019.
             The game lasted 00:09:35 (3925 turns).

pasperui the Magician (Naga Transmuter)             Turns: 3925, Time: 00:09:36

Health: 0/42       AC:  2    Str: 13    XL:     4   Next: 73%
Magic:  9/9        EV: 10    Int: 14    God:
Gold:   158        SH:  0    Dex: 11    Spells: 9/10 levels left
                                        Lives:  0   Deaths: 2

rFire    . . .     SeeInvis +     - Unarmed
rCold    . . .     Gourm    .   (no shield)
rNeg     . . .     Faith    .   b - +0 robe
rPois    +         Spirit   .   g - +0 hat
rElec    .         Reflect  .   (no cloak)
rCorr    .         Harm     .   (no gloves)
MR       .....                  (no barding)
Stlth    +.........             (no amulet)
HPRegen  0.14/turn              (no ring)
MPRegen  0.11/turn              (no ring)

@: short of breath, appendage (expiring), very slow
A: large, horns 2, see invisible, deformed body, poison resistance, slowness 2,
slow metabolism 1, spit poison 1, AC +1
a: Spit Poison, End Transformation


You were on level 4 of the Dungeon.
You were not hungry.
You had grown temporary horns.
You visited 1 branch of the dungeon, and saw 4 of its levels.

You collected 158 gold pieces.

Inventory:

Hand Weapons
 o - a +3 short sword of venom
Missiles
 a - 399 arrows
 c - 821 stones (quivered)
 l - 112 poisoned needles
 r - 85 tomahawks
 s - 424 bolts
Armour
 b - a +0 robe (worn)
 g - a +0 hat (worn)
Scrolls
 d - a scroll of immolation {unknown}
 e - 6 scrolls of teleportation {unknown}
 i - a scroll of remove curse {unknown}
 j - 5 scrolls of blinking {unknown}
 p - a scroll of identify {unknown}
Potions
 h - a potion of berserk rage
 m - a potion of heal wounds {unknown}
 n - a potion of degeneration {unknown}
 q - a potion of curing {unknown}
Comestibles
 f - 2 rations {!d}


   Skills:
 - Level 3.1 Fighting
 - Level 1.2 Throwing
 - Level 1.5 Dodging
 * Level 3.6 Unarmed Combat
 - Level 3.7 Spellcasting
 - Level 3.0 Transmutations


You had 9 spell levels left.
You knew the following spells:

 Your Spells              Type           Power        Failure   Level  Hunger
a - Beastly Appendage     Tmut           ##....       6%          1    None

Your spell library contained the following spells:

 Spells                   Type           Power        Failure   Level  Hunger
 Sticks to Snakes         Tmut           ##......     9%          2    ##.....
 Spider Form              Tmut/Pois      #..          32%         3    ###....
 Ice Form                 Ice/Tmut       #.......     71%         4    ####...
 Blade Hands              Tmut           ##........   85%         5    ######.


Dungeon Overview and Level Annotations

Branches:
Dungeon (4/12)
 Temple: D:4-7

Altars:
Ashenzari
The Shining One


Innate Abilities, Weirdness & Mutations

You cannot wear boots.
Your serpentine skin is tough. (AC +1)
You have supernaturally acute eyesight. (SInv)
Armour fits poorly on your strangely shaped body.
Your system is resistant to poisons. (rPois)
You cover ground very slowly.
You have a slow metabolism.
You can spit poison.
You have a pair of horns on your head.


Message History

The crimson imp hits you but does no damage.
You completely miss the crimson imp.
The crimson imp is lightly wounded.
The howler monkey hits you. The crimson imp hits you.
You miss the crimson imp.
The crimson imp is lightly wounded.
The howler monkey hits you. The crimson imp closely misses you.
The howler monkey hits you!
* * * LOW HITPOINT WARNING * * *
Press: ? - help, Shift-Dir - straight line, f - howler monkey
Aim: a howler monkey The splash of poison misses the howler monkey.
You feel slightly more hungry. The crimson imp hits you.
* * * LOW HITPOINT WARNING * * *
The howler monkey barely misses you.
You hit the howler monkey.
You headbutt the howler monkey, but do no damage.
The howler monkey is moderately wounded.
The crimson imp closely misses you. The howler monkey hits you.
You die...

### .. . #.##
... ..#
.....###.######
#......5@%....#
####...h......#
#..........#
..(..>.......#
###..........#
#..........#
#..........#
############


You could see a howler monkey and a crimson imp.

Vanquished Creatures
  A hound (D:4)
  2 jellies (D:2)
  An orc wizard (D:2)
  4 adders
  8 oozes
  3 dart slugs
  3 leopard geckos
  11 orcs
  3 ball pythons
  A giant cockroach (D:1)
  8 goblins
  5 hobgoblins
  3 bats
  15 kobolds
  2 rats
70 creatures vanquished.

Vanquished Creatures (others)
  2 fungi (D:2)
  10 toadstools (D:2)
12 creatures vanquished.

Grand Total: 82 creatures vanquished

Notes
Turn   | Place    | Note
-------+----------+-------------------------------------------
     0 | D:1      | pasperui the Naga Transmuter began the quest for the Orb.
     0 | D:1      | Reached XP level 1. HP: 18/18 MP: 3/3
   335 | D:1      | Reached XP level 2. HP: 8/25 MP: 5/5
  1008 | D:1      | Reached XP level 3. HP: 18/31 MP: 4/6
  1555 | D:2      | Found a glowing golden altar of the Shining One.
  1635 | D:2      | Reached XP level 4. HP: 24/38 MP: 7/9
  2348 | D:2      | Reached XP level 5. HP: 42/45 MP: 10/10
  2558 | D:3      | Found a shattered altar of Ashenzari.
  2738 | D:3      | Reached skill level 1 in Throwing
  2742 | D:3      | HP: 1/49 [orc wizard/puff of frost (8)]
  2742 | D:3      | Slain by an orc
  2743 | D:3      | Reached XP level 4. HP: -4/42 MP: 9/9
  2776 | D:3      | Reached XP level 5. HP: 10/49 MP: 10/10
  3604 | D:3      | HP: 2/49 [gnoll (7)]
  3605 | D:3      | Slain by a gnoll
  3606 | D:3      | Reached XP level 4. HP: -5/42 MP: 9/9
  3925 | D:4      | Slain by a howler monkey

Skill      XL: |  1  2  3  4  5 |
---------------+----------------+-----
Transmutations | 3 |  3.0
Spellcasting   | 3 |  3.7
Fighting       | 2 3 |  3.1
Throwing       | 1 |  1.2
Dodging        | |  1.5
Unarmed Combat | |  3.6

Action                   |  1- 3 |  4- 6 || total
-------------------------+-------+-------++-------
Melee: Unarmed           |    93 |   201 ||   294
       Headbutt          |     7 |    17 ||    24
       Punch             |     1 |     1 ||     2
 Cast: Beastly Appendage |    14 |    16 ||    30
 Abil: Spit Poison       |     2 |    11 ||    13
  Use: Potion            |       |     4 ||     4
  Eat: Chunk             |     2 |     3 ||     5
Armor: Robe              |    12 |    19 ||    31
       Skin              |       |    10 ||    10
Dodge: Dodged            |    48 |    94 ||   142
